Map: Ostwacht LE

Players

Dystopia

  • Race: Protoss Protoss
  • League: Master
  • Spawn Location: 7:00

Koen - Winner!

  • Race: Terran Terran
  • League: Master
  • Spawn Location: 1:00

VOD

Have the link to the VOD?

Description

Time

  • Played on: Jan. 30, 2018, 11:20 a.m.
  • Length: 6:19
Show
View Real Time Build Order
Export as new Build Order

Dystopia Protoss 

Build Orders: 1 Gate Expand, Oracle Opening 

Get SALT Encoding   

  12  0:01  Probe  
  13  0:14  Probe  
  14  0:23  Pylon  
  14  0:26  Probe  
  15  0:41  Probe (Chrono Boost)  
  16  0:43  Gateway  
  16  0:45  Assimilator  
  16  0:53  Probe (Chrono Boost)  
  17  1:01  Probe (Chrono Boost)  
  18  1:08  Probe  
  19  1:20  Probe  
  20  1:29  Nexus  
  20  1:36  Cybernetics Core  
  20  1:41  Zealot  
  20  1:43  Probe, Assimilator  
  20  1:45  Pylon  
  23  2:03  Probe  
  24  2:11  Warp Gate (Chrono Boost)  
  24  2:13  Stalker (Chrono Boost)  
  24  2:15  Probe  
  27  2:27  Probe  
  27  2:39  Probe  
  27  2:41  Stargate  
  28  2:45  Gateway  
  28  2:46  Gateway  
  28  2:48  Stalker (Chrono Boost)  
  30  2:51  Probe  
  30  3:16  Pylon  
  30  3:19  Pylon  
  30  3:33  Stalker  
  30  3:34  Oracle  
  35  3:35  Shield Battery  
  35  4:01  Pylon  
  35  4:08  Stalker x2  
  39  4:13  Oracle  
  31  4:47  Stalker x3  
  35  5:07  Stalker  
  35  5:12  Stalker x2  
  38  5:21  Pylon  
  38  5:31  Pylon  
  38  5:35  Pylon  
  38  5:36  Pylon  
  38  5:39  Pylon  
  38  5:41  Pylon  
  38  5:42  Pylon  
  36  5:50  Stalker x2  
  24  6:15  Zealot x3  
Show
View Real Time Build Order
Export as new Build Order

Koen Terran - Winner!

Build Orders: Cyclone Opening 

Get SALT Encoding   

  12  0:00  SCV  
  13  0:13  SCV  
  14  0:18  Supply Depot  
  14  0:25  SCV  
  15  0:30  Refinery  
  15  0:40  SCV  
  16  0:48  Barracks  
  16  0:53  SCV  
  17  0:58  Refinery  
  17  1:05  SCV  
  18  1:17  SCV  
  19  1:29  SCV  
  20  1:35  Reaper  
  21  1:40  Factory  
  21  1:42  Orbital Command  
  21  1:52  Supply Depot  
  21  2:07  Barracks Reactor  
  21  2:11  SCV  
  22  2:23  SCV  
  23  2:32  Cyclone  
  23  2:34  Starport  
  23  2:35  SCV  
  27  2:40  Supply Depot  
  27  2:44  Marine x2  
  27  2:48  SCV  
  30  2:57  Supply Depot  
  30  3:00  SCV  
  30  3:02  Marine x2  
  30  3:05  Factory Tech Lab  
  33  3:13  Medivac  
  33  3:19  Supply Depot  
  35  3:20  Marine x2  
  37  3:29  Siege Tank  
  40  3:37  Liberator  
  40  3:39  Marine x2  
  42  3:55  SCV  
  46  4:07  Siege Tank, Marine x2  
  51  4:14  Supply Depot  
  51  4:20  Bunker  
  51  4:23  Engineering Bay  
  51  4:32  Liberator  
  44  4:46  SCV  
  44  4:47  Siege Tank, Marine x2  
  53  4:54  Missile Turret  
  53  5:07  Missile Turret  
  53  5:13  Marine x2  
  54  5:16  Supply Depot  
  54  5:25  Siege Tank  
  57  5:42  Marine x2  
  57  5:49  Supply Depot  
  59  6:00  Marine  
  60  6:15  Bunker  
Tags
 
Add a new tag
Caveats
  • Supply blocks, unpowered buildings, or Contaminate may cause inaccurate times.
  • Supply counts are checked every 10 seconds.